 Dungeon Crawl Stone Soup version 0.30-a0-916-g9813417 (webtiles) character file.

Game seed: 6393112477448937518

131646 Dorkslayer the Peltast (level 17, -7/104 HPs)
             Began as a Gargoyle Fighter on Apr 7, 2023.
             Was an Initiate of Gozag.
             Mangled by a tentacle (8 damage)
             ... attached to a spectral kraken
             ... on level 3 of the Shoals on Apr 10, 2023.
             The game lasted 02:25:09 (28166 turns).

Dorkslayer the Peltast (Gargoyle Fighter)          Turns: 28166, Time: 02:25:10

Health: -7/104     AC: 54    Str: 31    XL:     17   Next: 10%
Magic:  0/17       EV: 11    Int: 15    God:    Gozag
Gold:   3418       SH: 19    Dex: 15    Spells: 16/16 levels left

rFire   . . .      SeeInvis .    l - +11 spear of the Kidney {drain, rPois}
rCold   + + .      Faith    .    F - +0 kite shield
rNeg    + + .      Spirit   .    I - +15 Maxwell's patent armour {-Cast -Tele rElec Will+ rCorr}
rPois   ∞          Reflect  +    d - +0 helmet
rElec   +          Rampage  +    N - +2 cloak of the Invisible Ghosts {rC+ rN+}
rCorr   +          NoTele   +    v - +2 pair of gloves {infuse}
Will    ++...      NoCast   +    w - +0 pair of boots {rampage} Stlth
                                 H - amulet of reflection
HPRegen 0.37/turn                o - ring of Muosis {rC+ Str+6 Int+3 Stlth-}
MPRegen 0.15/turn                G - +6 ring of strength

@: flying, hasted, studying Armour, very quick
A: sickness immunity, AC +12, big wings, negative energy resistance 1,
electricity resistance, torment resistance 1, petrification resistance
a: Renounce Religion, Potion Petition, Call Merchant, Bribe Branch


You were on level 3 of the Shoals.
You worshipped Gozag.
Gozag was most pleased with you.
You visited 4 branches of the dungeon, and saw 25 of its levels.
You also visited: Sewer and Gauntlet.

You collected 8873 gold pieces.
You spent 5425 gold pieces at shops.
You paid 30 gold pieces to Gozag.

Inventory:

Hand Weapons
 l - the +11 spear of the Kidney (weapon) {drain, rPois}
   (You found it on level 2 of the Dungeon)

   rPois:     It protects you from poison.
 Y - a +9 demon trident of electrocution
Missiles
 a - 2 silver javelins
 h - 5 javelins
 q - 13 boomerangs (quivered)
 A - 3 throwing nets
Armour
 d - a +0 helmet (worn)
 v - a +2 pair of gloves of infusion (worn)
 w - a +0 pair of boots of rampaging (worn)
 F - a +0 kite shield (worn)
 I - the +15 Maxwell's patent armour (worn) {-Cast -Tele rElec Will+ rCorr}
   (You acquired it on level 12 of the Dungeon)

   rElec:     It insulates you from electricity.
   -Cast:     It prevents spellcasting.
   -Tele:     It prevents most forms of teleportation.
   rCorr:     It protects you from acid and corrosion.
   Will:      It increases your willpower.
 N - the +2 cloak of the Invisible Ghosts (worn) {rC+ rN+}
   (You found it in a Gauntlet)

   rC:        It protects you from cold.
   rN:        It protects you from negative energy.
 O - a +1 plate armour of fire resistance
Jewellery
 o - the ring of Muosis (left hand) {rC+ Str+6 Int+3 Stlth-}
   (You bought it in a shop on level 5 of the Dungeon)

   [ring of strength]

   Str:       It affects your strength (+6).
   Int:       It affects your intelligence (+3).
   rC:        It protects you from cold.
   Stlth:     It makes you less stealthy.
 G - a +6 ring of strength (right hand)
 H - an amulet of reflection (around neck)
Wands
 e - a wand of polymorph (17)
 k - a wand of flame (14)
 x - a wand of mindburst (14)
 K - a wand of paralysis (15)
 X - a wand of digging (9)
Scrolls
 b - 7 scrolls of immolation
 c - 8 scrolls of identify
 m - 3 scrolls of enchant armour
 p - 18 scrolls of teleportation
 r - 2 scrolls of enchant weapon
 t - 5 scrolls of fog
 u - 4 scrolls of fear
 y - 4 scrolls of blinking
 B - 4 scrolls of poison
 M - a scroll of butterflies
 S - a scroll of silence
 T - 3 scrolls of magic mapping
Potions
 g - 2 potions of berserk rage
 i - 9 potions of curing
 j - 4 potions of resistance
 s - 3 potions of might
 z - 2 potions of brilliance
 C - 2 potions of cancellation
 E - 5 potions of flight
 J - 4 potions of attraction
 P - 2 potions of mutation
 U - 4 potions of lignification
 V - a potion of ambrosia
 W - a potion of haste
Miscellaneous
 Q - a box of beasts
 R - a condenser vane


   Skills:
 * Level 11.2 Fighting
 + Level 9.2(11.9) Axes
 * Level 12.1(13.3) Polearms
 + Level 8.5 Throwing
 * Level 14.5 Armour
 + Level 8.1 Dodging
 * Level 16.0 Shields
 + Level 12.1 Evocations


You had 16 spell levels left.
You didn't know any spells.
Your spell library contained the following spells:

 Spells                   Type           Power      Damage    Failure   Level
 Freeze                   Ice            0%         1d3       94%         1
 Summon Small Mammal      Summ           0%         N/A       94%         1
 Blink                    Tloc           0%         N/A       98%         2
 Ensorcelled Hibernation  Hex/Ice        0%         N/A       98%         2
 Wereblood                Tmut           0%         N/A       98%         2
 Call Canine Familiar     Summ           0%         N/A       100%        3
 Dazzling Flash           Conj/Hex       0%         N/A       100%        3
 Frozen Ramparts          Ice            0%         1d1       100%        3
 Hailstorm                Conj/Ice       0%         3d3       100%        3
 Inner Flame              Hex/Fire       0%         N/A       100%        3
 Kindle Blastsparks       Fire/Tloc/Air  0%         2d10      100%        3
 Ozocubu's Armour         Ice            0%         N/A       100%        3
 Spider Form              Tmut/Pois      0%         N/A       100%        3
 Summon Guardian Golem    Hex/Summ       0%         N/A       100%        3
 Tukima's Dance           Hex            0%         N/A       100%        3
 Anguish                  Hex/Necr       0%         N/A       100%        4
 Flame Wave               Conj/Fire      0%         2d4       100%        4
 Fulminant Prism          Conj/Hex       0%         3d5       100%        4
 Iskenderun's Mystic Bla  Conj/Tloc      0%         2d3       100%        4
 Manifold Assault         Tloc           0%         N/A       100%        4
 Olgreb's Toxic Radiance  Pois           0%         N/A       100%        4
 Passage of Golubria      Tloc           0%         N/A       100%        4
 Sticky Flame             Conj/Fire      0%         2d3       100%        4
 Agony                    Necr           0%         N/A       100%        5
 Borgnjor's Vile Clutch   Necr/Erth      0%         N/A       100%        5
 Lee's Rapid Deconstruct  Erth           0%         3d4*      100%        5
 Metabolic Englaciation   Hex/Ice        0%         N/A       100%        5
 Silence                  Hex/Air        0%         N/A       100%        5
 Yara's Violent Unravell  Hex/Tmut       0%         3d3       100%        5
 Death Channel            Necr           0%         N/A       100%        6
 Orb of Destruction       Conj           0%         9d5       100%        7
 Ozocubu's Refrigeration  Ice            0%         4d7       100%        7
 Spellforged Servitor     Conj/Summ      0%         N/A       100%        7
 Storm Form               Tmut/Air       0%         N/A       100%        7
 Summon Hydra             Summ           0%         N/A       100%        7
 Ignition                 Fire           0%         3d3       100%        8
 Sublimation of Blood     Necr           Unusable   N/A       N/A         2
 Animate Dead             Necr           Unusable   N/A       N/A         4
 Simulacrum               Ice/Necr       Unusable   N/A       N/A         6

Dungeon Overview and Level Annotations

Branches:
Dungeon (15/15)            Temple (0/1) D:7            Lair (5/5) D:8
 Shoals (3/4) Lair:3        Snake (0/4) Lair:3        Slime (0/5) Lair:4
    Orc (2/2) D:10            Elf (0/3) Orc:2        Vaults (0/5) D:13
 Depths (0/4) D:15          Sewer (visited)         Gauntlet (visited)

Altars:
Ashenzari
Cheibriados
Dithmenos
Elyvilon
Gozag
Kikubaaqudgha
Makhleb
Nemelex Xobeh
Okawaru
Qazlal
Ru
Vehumet
Wu Jian
Xom
Jiyva

Shops:
D:4 *   D:5 =   D:6 !(   D:9 (   D:12 (   D:14 **(:   Orc:1 [   Orc:2 =?:[[


Innate Abilities, Weirdness & Mutations

You are immune to sickness and miasma.
Your stone body is resilient. (AC +12)
You are immune to poison.
Your large and strong wings let you fly.
You resist negative energy. (rN+)
You are resistant to electric shocks. (rElec)
You are resistant to unholy torment.
You are immune to petrification.


Message History

You block the tentacle segment's attack.
The spectral kraken bites you but does no damage.
Unknown command.
You feel better. The tentacle closely misses you. The tentacle slaps you.
* * * LOW HITPOINT WARNING * * *
You block the tentacle's attack. You block the ghost crab's attack.
The ghost crab closely misses you.
The tentacle slaps you but does no damage.
The spectral wind drake bites you but does no damage.
A tentacle segment bursts forth from the water. x3
The tentacle segment bites you!
* * * LOW HITPOINT WARNING * * *
You block the spectral kraken's attack.
Unknown command.
You feel better. You block the tentacle's attack. x3
The tentacle closely misses you.
The spectral wind drake bites you but does no damage.
The ghost crab bites you but does no damage.
The ghost crab claws you but does no damage.
A tentacle segment bursts forth from the water.
The tentacle segment bites you.
* * * LOW HITPOINT WARNING * * *
A tentacle segment bursts forth from the water. x2
The tentacle slaps you but does no damage.
The spectral kraken barely misses you.
Unknown command.
You hit the spectral kraken but do no damage.
The spectral kraken is almost destroyed.
The tentacle slaps you but does no damage. x3
You impale the spectral kraken!!
The spectral kraken is almost destroyed.
A tentacle segment bursts forth from the water. x3
The tentacle segment bites you!
* * * LOW HITPOINT WARNING * * *
The tentacle slaps you but does no damage.
You block the spectral wind drake's attack.
You block the tentacle's attack. You block the spectral kraken's attack.
You block the tentacle's attack. The tentacle slaps you!
You die...
Your body crumbles into a pile of gold.

≈≈≈≈≈≈≈≈≈≈≈≈≈≈≈≈≈≈≈≈≈≈≈≈≈≈≈≈≈
≈≈≈≈≈≈≈≈≈≈≈≈≈≈≈≈≈≈≈≈≈≈≈≈≈≈≈≈≈
≈≈≈≈≈≈≈≈≈~~~≈≈≈≈≈≈≈≈≈≈≈≈≈≈≈≈≈
≈≈≈≈≈≈~~~~~~~)≈≈≈~~~~~~~)≈≈≈≈
≈≈≈≈~PP~~°.#~#≈~~~~~~~~~~≈≈≈≈
≈≈≈PPP~..#######~~~~~~~~~≈≈≈≈
≈≈≈PP...$$~~Z≈###.~~~~~~~≈≈≈≈
≈≈≈PPP...~ZwZw≈###.~~~~~~≈≈≈≈
≈≈≈PPPP..~~w@t≈≈#~~~~~~~~≈≈≈≈
##≈~.....~~~wZ≈≈###<~~~~~≈≈≈≈
#≈.P.....~~~~~≈≈##..~.~~~≈≈≈
#≈........~~.(≈≈##.~~~~~~≈≈≈
≈≈≈P..........≈≈≈#.~~.~~~~≈≈≈
~~≈.........P..≈≈#......~~≈≈≈
........?..≈≈≈#....<.~~≈≈≈
....P..P≈≈≈###...~~~≈≈≈≈
#...)~~≈≈≈≈≈


You could see a ghost crab, 4 tentacles, a spectral merfolk siren, a spectral
merfolk javelineer (summoned), a spectral kraken and a spectral wind drake.

Vanquished Creatures
  Rupert (D:13)
  The ghost of Diff the Eclecticist, an adept DjEE of Makhleb (D:14)
  2 krakens
  Ilsuiw (Shoals:2)
  Louise (Shoals:2)
  Nessos (D:13)
  A minotaur (Gauntlet)
  4 dire elephants (Lair:5)
  A merfolk javelineer (Shoals:2)
  3 ettins
  5 merfolk impalers
  Harold (Lair:2)
  4 hydras
  Fannar (Lair:2)
  A spectral kraken (Shoals:3)
  2 boulder beetles (D:13)
  A merfolk avatar (Shoals:1)
  8 centaur warriors
  4 ogre magi
  3 catoblepae
  9 two-headed ogres
  A ghost crab (Shoals:3)
  2 tengu warriors (D:13)
  Erica (D:11)
  5 death yaks (Lair:4)
  2 hell hogs (Gauntlet)
  Urug (D:13)
  A spectral dire elephant (Lair:5)
  Amaemon (Lair:2)
  3 skeletal warriors (D:14)
  6 skysharks
  6 sea snakes
  A spectral anaconda (Lair:5)
  An obsidian statue (Lair:5)
  4 harpies (Shoals:2)
  Pikel (D:7)
  A harpy (shapeshifter) (D:15)
  4 necromancers
  A wizard (Gauntlet)
  3 orc knights
  8 fauns
  5 ugly things
  6 deep elf pyromancers
  8 orc sorcerers
  A wolf spider zombie (D:15)
  A wolf spider (D:15)
  7 manticores
  8 cyclopes
  11 elephants
  Maurice (Orc:1)
  5 black mambas
  4 merfolk sirens (Shoals:2)
  An orange demon (Lair:2)
  A black mamba (shapeshifter) (D:14)
  A centaur zombie (D:15)
  A torpor snail (Lair:5)
  3 naga magi (D:15)
  A water nymph (Shoals:2)
  6 cane toads
  Psyche (D:9)
  A centaur skeleton (D:15)
  An unseen horror (D:12)
  4 kobold demonologists
  2 rime drakes (Lair:4)
  11 komodo dragons
  A yaktaur (shapeshifter) (D:12)
  2 tengu conjurers
  2 polar bears (Lair:4)
  12 merfolk
  2 wind drakes (Shoals:1)
  10 trolls
  3 meliai (D:14)
  A spectral harpy (Shoals:3)
  Prince Ribbit (D:8)
  A spectral elephant (Lair:5)
  Grinder (D:4)
  22 blink frogs
  5 dream sheep (Lair:4)
  15 slime creatures
  Sigmund (D:4)
  6 snapping turtles
  2 vampires
  4 water elementals (Shoals:1)
  3 wraiths
  A centaur simulacrum (D:15)
  A dire elephant simulacrum (Lair:5)
  29 yaks
  6 fire bats (Gauntlet)
  A spriggan (shapeshifter) (D:14)
  9 wyverns
  A shadow (D:11)
  5 basilisks
  15 humans (D:13)
  Grum (D:11)
  5 steam dragons
  A vampire mosquito (D:10)
  A death yak simulacrum (Lair:5)
  A warg (D:12)
  4 acid dragons
  12 water moccasins
  2 hell hounds (Gauntlet)
  12 orc warriors
  2 ice beasts (D:5)
  2 sky beasts
  A black bear (D:6)
  9 ogres
  An elephant zombie (Lair:5)
  7 wolves
  A phantom (D:4)
  4 centaurs
  4 kobold brigands
  Blork the orc (D:5)
  8 bullfrogs
  4 gnoll sergeants
  2 scorpions
  11 wights
  7 killer bees
  An elephant simulacrum (Lair:5)
  An electric eel (Lair:3)
  7 howler monkeys
  6 jellies
  2 hounds
  A gnoll bouda (D:9)
  17 orc priests
  4 sleepcaps
  Ijyb (D:4)
  2 iguanas
  30 orc wizards
  A boggart simulacrum (D:15)
  Robin (D:2)
  9 adders
  24 gnolls
  5 river rats
  7 shadow imps
  3 white imps
  5 worms (D:6)
  A dart slug (D:8)
  44 orcs
  6 endoplasms
  3 giant cockroaches
  10 goblins
  13 hobgoblins
  7 jackals
  5 quokkas
  8 ball pythons
  6 bats
  3 frilled lizards
  11 kobolds
  34 rats
  A spectral hobgoblin (D:1)
  10 tentacles
753 creatures vanquished.

Vanquished Creatures (collateral kills)
  2 blink frogs (Lair:2)
  A water moccasin (Lair:2)
3 creatures vanquished.

Vanquished Creatures (others)
  A wizard (D:15)
  A human (D:13)
  An orc (Orc:2)
  19 fungi
  27 plants
  54 tentacles
  46 withered plants
149 creatures vanquished.

Grand Total: 905 creatures vanquished

Notes
Turn   | Place    | Note
-------+----------+-------------------------------------------
     0 | D:1      | Dorkslayer the Gargoyle Fighter began the quest for the
                  | Orb.
     0 | D:1      | Reached XP level 1. HP: 14/14 MP: 1/1
    62 | D:1      | Found a faded altar of an unknown god.
   210 | D:1      | Reached XP level 2. HP: 19/19 MP: 2/2
   497 | D:1      | Reached skill level 1 in Dodging
   918 | D:2      | Found an opulent altar of Gozag.
   924 | D:2      | Became a worshipper of Gozag Ym Sagoz the Greedy
  1010 | D:2      | Reached XP level 3. HP: 23/23 MP: 3/3
  1060 | D:2      | Noticed Robin
  1069 | D:2      | Killed Robin
  1070 | D:2      | Reached XP level 4. HP: 22/29 MP: 4/4
  1367 | D:2      | Identified the +11 spear of the Kidney {drain, rPois}
  1782 | D:3      | Found an iron altar of Okawaru.
  2090 | D:3      | Found a transporter.
  2092 | D:3      | Found a stormy altar of Qazlal.
  2227 | D:3      | Found a transporter.
  2376 | D:3      | Reached XP level 5. HP: 29/33 MP: 5/5
  2380 | D:3      | Reached skill level 1 in Polearms
  2569 | D:4      | Noticed Ijyb
  2575 | D:4      | Killed Ijyb
  2576 | D:4      | Reached skill level 1 in Evocations
  2626 | D:4      | Reached skill level 4 in Shields
  2626 | D:4      | Reached XP level 6. HP: 38/38 MP: 3/6
  2768 | D:4      | Noticed Grinder
  2777 | D:4      | Killed Grinder
  2778 | D:4      | Reached XP level 7. HP: 41/43 MP: 0/7
  2808 | D:4      | Found Egiblaycs's Neck Hole.
  2816 | D:4      | Bought a +1 cloak for 138 gold pieces
  3142 | D:4      | Noticed Sigmund
  3147 | D:4      | Killed Sigmund
  3157 | D:4      | Reached XP level 8. HP: 48/48 MP: 0/8
  3289 | D:4      | Found a sacrificial altar of Ru.
  3292 | D:4      | Found a burning altar of Makhleb.
  3371 | D:5      | Entered Level 5 of the Dungeon
  3561 | D:5      | Reached skill level 5 in Armour
  3742 | D:5      | Reached skill level 5 in Fighting
  3742 | D:5      | Reached skill level 5 in Shields
  3753 | D:5      | Noticed Blork the orc
  3766 | D:5      | Killed Blork the orc
  3867 | D:5      | Found Costuapa's Jewellery Shoppe.
  3887 | D:5      | Bought the ring of Muosis {rC+ Str+6 Int+3 Stlth-} for 549
                  | gold pieces
  4351 | D:5      | Reached XP level 9. HP: 54/54 MP: 6/9
  4522 | D:6      | Found a white marble altar of Elyvilon.
  4531 | D:6      | Reached skill level 1 in Throwing
  4824 | D:6      | Found a glowing drain.
  4828 | Sewer    | Entered a sewer
  5546 | D:6      | Found Picraij's Distillery.
  5557 | D:6      | Bought a potion of curing for 42 gold pieces
  5557 | D:6      | Bought a potion of heal wounds for 70 gold pieces
  5557 | D:6      | Bought a potion of brilliance for 56 gold pieces
  5557 | D:6      | Bought a potion of curing for 42 gold pieces
  5557 | D:6      | Bought a potion of heal wounds for 70 gold pieces
  5774 | D:6      | Reached skill level 5 in Evocations
  5844 | D:6      | Found Rakiyggi's Weapon Emporium.
  6216 | D:7      | Noticed a troll
  6225 | D:7      | Killed a troll
  6226 | D:7      | Reached skill level 5 in Polearms
  6233 | D:7      | Found a shimmering altar of Xom.
  6289 | D:7      | Found a shadowy altar of Dithmenos.
  6324 | D:7      | Reached XP level 10. HP: 60/60 MP: 2/10
  6489 | D:7      | Noticed Pikel
  6498 | D:7      | Killed Pikel
  6499 | D:7      | Reached skill level 6 in Shields
  6735 | D:7      | Found a staircase to the Ecumenical Temple.
  6935 | D:8      | Found a sparkling altar of Nemelex Xobeh.
  6939 | D:8      | Noticed Prince Ribbit
  6962 | D:8      | Killed Prince Ribbit
  7619 | D:8      | Found a staircase to the Lair.
  7672 | D:8      | Found a snail-covered altar of Cheibriados.
  7900 | D:5      | Bought a +6 ring of strength for 360 gold pieces
  7900 | D:5      | Bought an amulet of reflection for 300 gold pieces
  8018 | D:9      | Reached skill level 5 in Axes
  8092 | D:9      | Reached XP level 11. HP: 66/66 MP: 2/11
  8210 | D:9      | Identified the +11 shortbow "Pelaopn" {elec, rC+ rCorr}
  8224 | D:9      | Found Duisken's Weapon Shoppe.
  8374 | D:9      | Noticed Psyche
  8384 | D:9      | Killed Psyche
  8684 | D:10     | Entered Level 10 of the Dungeon
  9003 | D:10     | Found a staircase to the Orcish Mines.
  9008 | Orc:1    | Entered Level 1 of the Orcish Mines
  9008 | Orc:1    | Noticed a two-headed ogre
  9009 | Orc:1    | Noticed an orc sorcerer
  9013 | Orc:1    | Killed a two-headed ogre
  9014 | Orc:1    | Killed an orc sorcerer
  9074 | Orc:1    | Noticed Maurice
  9074 | Orc:1    | Noticed an ettin
  9082 | Orc:1    | Killed an ettin
  9114 | Orc:1    | Killed Maurice
  9162 | Orc:1    | Found Bumois's Antique Armour Shoppe.
  9341 | Orc:2    | Entered Level 2 of the Orcish Mines
  9341 | Orc:2    | Found Netwexyq's Antique Armour Shoppe.
  9394 | Orc:1    | Noticed an orc knight
  9412 | Orc:1    | Reached skill level 7 in Shields
  9462 | Orc:2    | Killed an orc knight
  9539 | Orc:2    | Found a staircase to the Elven Halls.
  9662 | Orc:2    | Noticed an ogre mage
  9669 | Orc:2    | Killed an ogre mage
  9670 | Orc:2    | Reached skill level 5 in Dodging
  9684 | Orc:2    | Noticed an orc sorcerer
  9685 | Orc:2    | Found Ithrox's Jewellery Emporium.
  9685 | Orc:2    | Noticed an orc sorcerer
  9693 | Orc:2    | Killed an orc sorcerer
  9698 | Orc:2    | Noticed an orc sorcerer
  9701 | Orc:2    | Killed an orc sorcerer
  9703 | Orc:2    | Noticed a soul eater
  9714 | Orc:2    | Killed an orc sorcerer
  9715 | Orc:2    | Reached skill level 5 in Throwing
  9730 | Orc:2    | Found Pekotof's Antique Armour Shoppe.
  9774 | Orc:2    | Found an ancient bone altar of Kikubaaqudgha.
  9774 | Orc:2    | Noticed an orc sorcerer
  9786 | Orc:2    | Killed an orc sorcerer
  9787 | Orc:2    | Reached XP level 12. HP: 68/72 MP: 2/12
  9812 | Orc:2    | Found Cinocimp's Book Shoppe.
  9819 | Orc:2    | Noticed an ogre mage
  9831 | Orc:2    | Killed an ogre mage
  9838 | Orc:2    | Noticed an ogre mage
  9839 | Orc:2    | Found a radiant altar of Vehumet.
  9843 | Orc:2    | Paralysed by an ogre mage for 4 turns
  9853 | Orc:2    | Killed an ogre mage
  9926 | Orc:2    | Found Ichobafi's Magic Scroll Shoppe.
  9971 | Orc:2    | Bought a scroll of enchant weapon for 90 gold pieces
  9971 | Orc:2    | Bought a scroll of acquirement for 624 gold pieces
  9971 | Orc:2    | Bought a scroll of teleportation for 36 gold pieces
  9971 | Orc:2    | Bought a scroll of fear for 48 gold pieces
 10237 | Orc:2    | Bought an embroidered cloak for 187 gold pieces
 10269 | Orc:1    | Bought a runed plate armour for 494 gold pieces
 10269 | Orc:1    | Bought a shiny plate armour for 494 gold pieces
 10454 | D:10     | Noticed a centaur warrior
 10461 | D:10     | Killed a centaur warrior
 10508 | D:10     | Noticed a centaur warrior
 10514 | D:10     | Found a runed translucent door.
 10514 | D:10     | Found a runed translucent door.
 10515 | D:10     | Identified the +0 scale mail of a bailey {Rampage rElec
                  | rPois rN+}
 10517 | D:10     | Found a runed translucent door.
 10663 | D:10     | Killed a centaur warrior
 10664 | D:10     | Reached skill level 8 in Shields
 10757 | D:10     | Identified the +2 pair of gloves of Midnight {rPois rF-
                  | Regen+}
 11020 | Orc:1    | Bought a pair of glowing boots for 142 gold pieces
 11020 | Orc:1    | Bought a pair of crude gloves for 180 gold pieces
 11020 | Orc:1    | Identified the +1 pair of gloves of Follow the Leader {Fly
                  | rPois Slay-5} (You bought it in a shop on level 1 of the
                  | Orcish Mines)
 11057 | D:10     | Acquired a manual of Shields
 11232 | D:11     | Reached XP level 13. HP: 63/79 MP: 0/13
 11234 | D:11     | Noticed Erica
 11250 | D:11     | Killed Erica
 11332 | D:11     | Found a gate leading to a gauntlet.
 11335 | D:11     | Noticed Grum
 11340 | Gauntlet | Entered a Gauntlet
 11340 | Gauntlet | Found a transporter.
 11340 | Gauntlet | Found a transporter.
 11340 | Gauntlet | Found a runed translucent gate.
 11342 | Gauntlet | Found a runed translucent gate.
 11358 | Gauntlet | Found a transporter.
 11372 | Gauntlet | Found a transporter.
 11372 | Gauntlet | Found a transporter.
 11372 | Gauntlet | Found a runed translucent gate.
 11374 | Gauntlet | Found a transporter.
 11377 | Gauntlet | Found a transporter.
 11377 | Gauntlet | Found a transporter.
 11379 | Gauntlet | Noticed a reaper
 11401 | Gauntlet | Found a transporter.
 11408 | Gauntlet | Found a transporter.
 11438 | Gauntlet | Found a transporter.
 11447 | Gauntlet | Found a transporter.
 11486 | Gauntlet | Found a transporter.
 11487 | Gauntlet | Found a runed translucent door.
 11515 | Gauntlet | Found a transporter.
 11634 | Gauntlet | Reached skill level 9 in Shields
 11656 | Gauntlet | Identified the ring of Xom's Attic {Ice rPois Str-5 Int-3
                  | Dex+3}
 11790 | Gauntlet | Identified the +2 cloak of the Invisible Ghosts {rC+ rN+}
 11956 | Gauntlet | Noticed a minotaur
 11969 | Gauntlet | Killed a minotaur
 11972 | Gauntlet | Identified the ring of Miracles {rF- rN+ rCorr Int+6}
 11972 | Gauntlet | Identified the ring of Foppetrarch {Fly Will+ Str+6 Int-5}
 11985 | D:11     | Killed Grum
 12408 | D:12     | Found Umifoigo's Weapon Emporium.
 12804 | D:12     | Acquired the +15 Maxwell's patent armour {-Cast -Tele rElec
                  | Will+ rCorr}
 12804 | D:12     | Found the +15 Maxwell's patent armour {-Cast -Tele rElec
                  | Will+ rCorr}
 12915 | D:12     | Reached skill level 10 in Shields
 13814 | D:13     | Noticed Urug
 13833 | D:13     | Noticed Nessos
 13835 | D:13     | Noticed Rupert
 13838 | D:13     | Killed Urug
 13849 | D:13     | Killed Nessos
 13867 | D:13     | Killed Rupert
 13868 | D:13     | Reached skill level 11 in Shields
 13868 | D:13     | Gained mutation: Your large and strong wings let you fly.
                  | [Gargoyle growth]
 13868 | D:13     | Reached XP level 14. HP: 85/86 MP: 2/14
 13882 | D:13     | Found a gate to the Vaults.
 14506 | D:13     | Reached skill level 10 in Polearms
 14506 | D:13     | Reached skill level 10 in Evocations
 14648 | D:13     | Found a broken altar of Ashenzari.
 15148 | D:14     | Found Ysuq's General Store.
 15157 | D:14     | Reached skill level 12 in Shields
 15223 | D:14     | Bought a scroll of brand weapon for 171 gold pieces
 15536 | D:14     | Found Tacw's Book Emporium.
 15544 | D:14     | Bought a manual of Armour for 960 gold pieces
 15583 | D:14     | Found Kautz's Antique Weapon Boutique.
 15877 | D:14     | Found Nuilolen's Assorted Antiques.
 15887 | D:14     | Bought a potion of curing for 72 gold pieces
 15887 | D:14     | Bought a scroll of magic mapping for 180 gold pieces
 16078 | D:14     | Noticed Diff's ghost (adept DjEE)
 16079 | D:14     | Found a transporter.
 16079 | D:14     | Identified the +1 great mace of Saifunni {protect, Contam
                  | rF+ rC+}
 16079 | D:14     | Identified the +12 great mace of Evil {freeze, rPois rF+
                  | Will+ Dex-5}
 16228 | D:14     | Found a transporter.
 16239 | D:14     | Reached skill level 10 in Armour
 16251 | D:14     | Killed Diff's ghost
 16339 | D:15     | Entered Level 15 of the Dungeon
 16408 | D:15     | Reached skill level 13 in Shields
 16413 | D:15     | Reached XP level 15. HP: 82/92 MP: 0/15
 16465 | D:15     | Found a staircase to the Depths.
 16492 | D:15     | Reached skill level 10 in Fighting
 17755 | D:14     | Bought a potion of berserk rage for 120 gold pieces
 17887 | Lair:1   | Entered Level 1 of the Lair of Beasts
 19163 | Lair:2   | Noticed Harold
 19172 | Lair:2   | Killed Harold
 19247 | Lair:2   | Noticed Fannar
 19247 | Lair:2   | Noticed Amaemon
 19257 | Lair:2   | Killed Fannar
 19257 | Lair:2   | Killed Amaemon
 20299 | Lair:3   | Found a staircase to the Snake Pit.
 20316 | Lair:3   | Reached skill level 14 in Shields
 20693 | Lair:3   | Found a staircase to the Shoals.
 20972 | Lair:4   | Found a staircase to the Slime Pits.
 20976 | Lair:4   | Found a viscous altar of Jiyva.
 22036 | Lair:5   | Entered Level 5 of the Lair of Beasts
 22268 | Lair:5   | Reached XP level 16. HP: 98/98 MP: 6/16
 22751 | Lair:4   | Reached skill level 15 in Shields
 23162 | Lair:5   | Found an ornate altar of the Wu Jian Council.
 24686 | Shoals:1 | Entered Level 1 of the Shoals
 25166 | Shoals:1 | Noticed a kraken
 25323 | Shoals:1 | Killed a kraken
 26572 | Shoals:2 | Noticed Louise
 26576 | Shoals:2 | Killed Louise
 26655 | Shoals:2 | Noticed a kraken
 26903 | Shoals:2 | Noticed Ilsuiw
 26935 | Shoals:2 | Killed Ilsuiw
 27371 | Shoals:2 | Killed a kraken
 27624 | Shoals:2 | Reached XP level 17. HP: 104/104 MP: 12/17
 28120 | Shoals:3 | Reached skill level 16 in Shields
 28160 | Shoals:3 | HP: 4/104 [tentacle[a spectral kraken] (7)]
 28166 | Shoals:3 | HP: 1/104 [tentacle segment[a spectral kraken] (12)]
 28166 | Shoals:3 | Mangled by a tentacle

Illustrated notes

Levels and vault maps discovered:
D:1:      dpeg_arrival_central, layout_basic,
          dreamdust_ecumenical_altar_drowned_temple, roderic_lattice_a
D:2:      layout_basic, basic_altar, uniq_robin
D:3:      gammafunk_wand_slinger, layout_basic, mainiacjoe_overflow_alcove_1,
          hellmonk_okawaru_the_only_friend_you_need
D:4:      layout_loops_cross, nicolae_overflow_hidden_temple,
          nicolae_shop_sticking_my_neck_out, uniq_grinder, uniq_sigmund,
          uniq_ijyb
D:5:      layout_loops_corners, serial_glass, glass_columns_a, glass_columns_c,
          minmay_shop_enchanted_jewellery, chequers_serial_rivers_room_b,
          uniq_blork_the_orc
D:6:      layout_layer_cave, amcnicky_altar_gilded, serial_shops, shop,
          kennysheep_mini_moat, lightli_sewer_entry_pipes
D:7:      layout_loops_ring, mainiacjoe_overflow_six_doors_small,
          mainiacjoe_overflow_chevrons, minmay_temple_entry_waves,
          chequers_mini_garden, uniq_pikel
D:8:      layout_gridville, nemelex_xobeh_ov_fountains_minmay,
          kennysheep_slug_shrine, lair_entry_dummy, uniq_prince_ribbit1
D:9:      layout_basic, serial_shops, nicolae_shop_advertising_works
          [nicolae_subvault_shop_adworks], uniq_psyche
D:10:     minmay_the_grid_four_pointed_star_mashed
          [minmay_the_grid_triangle_9x9_fully_insulated_deathbox,
          minmay_the_grid_triangle_9x9_shrine,
          minmay_the_grid_triangle_9x9_empty,
          minmay_the_grid_triangle_9x9_alien,
          minmay_the_grid_prize_four_corners_diamond_a], layout_basic
D:11:     layout_basic, gauntlet_entry_generic, uniq_grum, uniq_erica
D:12:     layout_basic, serial_shops, nicolae_shop_statue_plus
D:13:     kennysheep_six_static_rooms, layout_loops_corners, david_vaults_3,
          chequers_serial_rivers_small_3, minivault_27, ashenzari_altar_1
D:14:     layout_gridville, chequers_serial_rivers_room_a, serial_shops, shop,
          nicolae_shop_waterfront, nicolae_diamond_shop, nicolae_diamond_shop,
          gammafunk_ghost_smash
D:15:     grunt_enter_depths_magical_seal, layout_irregular_city
Lair:1:   layout_cave_pods, lemuel_fruit_fields, grunt_megastairs_1,
          serial_bayou_shore_a, infiniplex_staircase_pool_2
Lair:2:   layout_cave_pods, grunt_megastairs_2, lemuel_fruit_tree, uniq_harold,
          uniq_amaemon, uniq_fannar
Lair:3:   layout_gridlike, minmay_shoals_entry_hut, dummy_snake_entry
Lair:4:   layout_loops_ring, minmay_slime_entry_pillars, st_stairs_3
Lair:5:   due_jungle_book, layout_long_grid, basic_altar, lemuel_fruit_fields,
          grunt_megastairs_3
Shoals:1: layout_shoals
Shoals:2: layout_shoals, nicolae_shoals_lost_giant_baths, uniq_ilsuiw,
          uniq_louise
Shoals:3: layout_shoals, nicolae_shoals_spectral_cove, uniq_mara
Orc:1:    layout_diamond_mine, serial_shops, nicolae_shop_hallway_plus,
          uniq_maurice
Orc:2:    kennysheep_orc_mage_school, layout_caves, serial_shops, shop,
          basic_altar

Skill      XL: |  1  2  3  4  5  6  7  8  9 10 11 12 13 14 15 16 17 |
---------------+----------------------------------------------------+-----
Axes           | 2 3 4 5 6 7 8 9 |  9.2
Dodging        | 1 2 3 4 5 6 7 8 |  8.1
Polearms       | 1 2 3 4 5 6 7 8 9 10 11 12 | 12.1
Armour         | 4 5 6 7 8 9 10 12 14 | 14.5
Evocations     | 1 2 3 4 5 6 7 8 9 10 11 12 | 12.1
Shields        | 4 5 6 7 8 11 13 14 15 16 | 16.0
Fighting       | 4 5 6 7 8 9 10 11 | 11.2
Throwing       | 2 4 5 6 7 8 |  8.5

Action                     |  1- 3 |  4- 6 |  7- 9 | 10-12 | 13-15 | 16-18 || total
---------------------------+-------+-------+-------+-------+-------+-------++-------
  Melee: War axe           |    72 |     5 |       |       |       |       ||    77
         Spear             |       |    73 |   304 |   475 |  1125 |   774 ||  2751
  Throw: Boomerang         |       |       |    11 |    13 |    29 |    56 ||   109
  Evoke: Wand              |       |     3 |       |    21 |     9 |    18 ||    51
         Condenser vane    |       |       |       |       |     3 |     2 ||     5
         Box of beasts     |       |       |       |       |     1 |       ||     1
    Use: Potion            |     1 |     3 |     2 |     5 |    12 |     8 ||    31
         Scroll            |       |     7 |     5 |    10 |     9 |     6 ||    37
   Stab: Invisible         |       |     2 |       |     6 |     4 |       ||    12
         Distracted        |       |       |     3 |     1 |     8 |     2 ||    14
         Paralysed         |       |       |       |     4 |       |       ||     4
         Petrified         |       |       |       |       |     2 |       ||     2
 Armour: Scale mail        |    67 |    24 |   120 |    43 |       |       ||   254
         Plate armour      |       |       |       |   123 |   381 |   460 ||   964
  Dodge: Dodged            |    62 |    16 |   111 |    86 |   178 |   269 ||   722
  Block: Buckler           |    15 |     8 |    60 |       |       |       ||    83
         Kite shield       |       |       |    10 |   235 |   644 |   723 ||  1612
         Reflection        |       |       |       |     5 |    21 |    24 ||    50

Table legend: (Time is in decaauts)
 A = Elapsed time spent in this place.
 B = Non-inter-level travel time spent in this place.
 C = Inter-level travel time spent in this place.
 D = Time resting spent in this place.
 E = Time spent auto-exploring this place.
 F = Levels seen in this place.
 G = Mean time per level.
                   A        B        C        D        E       F      G
               +--------+--------+--------+--------+--------+-----+--------+
         Total |  27544 |  26402 |   1142 |   2145 |  10264 |  27 | 1020.1 |
       Dungeon |  15532 |  14486 |   1046 |    145 |   7001 |  15 | 1035.5 |
          Lair |   6285 |   6245 |     40 |    786 |   2339 |   5 | 1257.0 |
        Shoals |   3294 |   3294 |      0 |    979 |    703 |   3 | 1098.0 |
  Orcish Mines |   1422 |   1366 |     56 |     25 |    221 |   2 |  711.0 |
         Sewer |    397 |    397 |      0 |      0 |      0 |   1 |  397.0 |
      Gauntlet |    612 |    612 |      0 |    210 |      0 |   1 |  612.0 |
               +--------+--------+--------+--------+--------+-----+--------+

Top non-repeatable levels by time:
Shoals:1: 1923 daAuts
  Lair:4: 1861 daAuts
  Lair:5: 1682 daAuts
    D:13: 1456 daAuts
     D:6: 1449 daAuts
     D:5: 1321 daAuts
    D:14: 1269 daAuts
    D:12: 1238 daAuts
Shoals:2: 1231 daAuts
  Lair:2: 1157 daAuts
     D:3: 1062 daAuts
     D:4: 1030 daAuts
     D:8: 989 daAuts
    D:10: 938 daAuts
    D:15: 925 daAuts
